 Dungeon Crawl Stone Soup version 0.31-a0-818-ge7c7cf74f0 (webtiles) character file.

Game seed: 3537647017639751088

20 Danienth the Ruffian (level 2, -7/19 (21) HPs)
             Began as a Demonspawn Shapeshifter on Sept 22, 2023.
             Mangled by Terence
             ... wielding a +6 flail of draining
              (12 damage)
             ... on level 2 of the Dungeon.
             The game lasted 00:04:06 (685 turns).

Danienth the Ruffian (Demonspawn Shapeshifter)       Turns: 685, Time: 00:04:06

HP:   -7/19 (21)    AC:  4    Str: 14    XL:     2   Next: 58%
MP:   2/2           EV: 12    Int: 11    God:
Gold: 19            SH:  0    Dex: 12    Spells: 1/1 levels left

rFire   . . .        k - +0 dagger (venom)
rCold   + . .        (no shield)
rNeg    . . .        a - +0 animal skin
rPois   .            (no helmet)
rElec   .            (no cloak)
rCorr   .            (no gloves)
SInv    .            (no boots)
Will    .....        e - amulet of regeneration
Stlth   +            i - ring of protection from cold
HPRegen 1.03/turn    (no ring)
MPRegen 0.08/turn

%: no passive effects
@: drained
A: molten scales 1
a: no special abilities


You were on level 2 of the Dungeon.
You visited 1 branch of the dungeon, and saw 2 of its levels.

You collected 19 gold pieces.

Inventory:

Hand Weapons
 k - a +0 dagger of venom (weapon)
Missiles
 h - 6 atropa-tipped darts
Armour
 a - a +0 animal skin (worn)
Jewellery
 e - an amulet of regeneration (around neck)
 i - a ring of protection from cold (left hand)
Talismans
 c - a beast talisman
 d - a flux talisman
Scrolls
 g - a scroll of brand weapon {unknown}
 j - a scroll of amnesia {unknown}
 l - a scroll of teleportation {unknown}
 m - a scroll of revelation {unknown}
Potions
 b - a potion of lignification
 f - a potion of degeneration {unknown}


   Skills:
 * Level 1.4 Fighting
 * Level 2.1 Dodging
 * Level 0.9 Stealth
 - Level 3.0 Unarmed Combat
 + Level 2.6 Shapeshifting


You had one spell level left.
You didn't know any spells.
Your spell library contained the following spells:

 Spells                   Type           Power      Damage    Failure   Level
 Blink                    Tloc           0%         N/A       47%         2
 Lesser Beckoning         Tloc           0%         N/A       47%         2
 Momentum Strike          Conj/Tloc      0%         3d8       47%         2


Dungeon Overview and Level Annotations

Branches:
Dungeon (2/15)

Altars:

Annotations:
D:2 Terence


Innate Abilities, Weirdness & Mutations

You are partially covered in molten scales. (AC +2)


Message History

The bat hits you but does no damage.
You hit the bat.
You kill the bat!
No target in view!
No target in view!
No target in view!
No target in view!
No target in view!
j - a scroll labelled EKIVYBOLIL You now have 19 gold pieces (gained 8).
You see here a +0 dagger of venom.
k - a +0 dagger of venom You begin untransforming.
You continue untransforming. x3
Your transformation has ended.
Your +0 dagger of venom begins to drip with poison!
k - a +0 dagger of venom (weapon)
Things that are here:
a +0 whip; 4 stones
l - a scroll labelled BEM YLE UPSAOC
m - a scroll labelled WOFIEK SETO
Found a stone staircase leading down.
Done exploring.
Okay, then.
There is a stone staircase leading down here.
You climb downwards.
Terence shouts!
Found 2 metallic pink potions, 5 gold pieces and a book of Party Tricks.
There is a stone staircase leading up here.
Terence hits you with a +6 flail of draining.
You feel drained.
You hit Terence but do no damage.
Terence hits you with a +6 flail of draining!
Ouch! That really hurt!
* * * LOW HITPOINT WARNING * * *
You feel drained.
* * * LOW HITPOINT WARNING * * *
Terence attacks as he pursues you!
Terence hits you with a +6 flail of draining!
Ouch! That really hurt!
You die...

########
##......##
#........##
..........#
.......@@.#
..........#
.........!#
..........#
#........##
#.........
..$.......
.:.........


You could see Terence.

Vanquished Creatures
  A dart slug (D:1)
  An endoplasm (D:1)
  2 hobgoblins (D:1)
  A jackal (D:1)
  A quokka (D:1)
  A ball python (D:1)
  2 bats (D:1)
  3 goblins (D:1)
  3 kobolds (D:1)
  2 rats (D:1)
17 creatures vanquished.

Notes
Turn   | Place    | Note
-------+----------+-------------------------------------------
     0 | D:1      | Danienth the Demonspawn Shapeshifter began the quest for
                  | the Orb.
     0 | D:1      | Reached XP level 1. HP: 15/15 MP: 1/1
   306 | D:1      | Reached skill level 3 in Unarmed Combat
   353 | D:1      | Gained mutation: You are partially covered in molten
                  | scales. (AC +2) [demonic ancestry]
   353 | D:1      | Reached XP level 2. HP: 17/21 MP: 2/2
   682 | D:2      | Noticed Terence
   685 | D:2      | Mangled by Terence

Illustrated notes

Levels and vault maps discovered:
D:1:      minmay_arrival_cross, layout_basic, serial_corexii_hall,
          corexii_hall_statues_i, chequers_hall_statues_wall_a,
          minmay_hexomino_f4
D:2:      layout_rooms, uniq_natasha, uniq_terence, uniq_sigmund, uniq_robin

Skill      XL: |  1  2 |
---------------+-------+-----
Unarmed Combat | 3 |  3.0
Dodging        | 2 |  2.1
Fighting       | |  1.4
Stealth        | |  0.9
Shapeshifting  | |  2.6

Action                     || total
---------------------------++-------
  Melee: Unarmed           ||    44
         Dagger            ||     1
         Punch             ||     1
Ability: Begin Untransform ||     1
   Stab: Sleeping          ||     3
 Armour: Animal skin       ||    25
  Dodge: Dodged            ||    17

Table legend: (Time is in decaauts)
 A = Elapsed time spent in this place.
 B = Non-inter-level travel time spent in this place.
 C = Inter-level travel time spent in this place.
 D = Time resting spent in this place.
 E = Time spent auto-exploring this place.
 F = Levels seen in this place.
 G = Mean time per level.
                   A        B        C        D        E       F      G
               +--------+--------+--------+--------+--------+-----+--------+
         Total |    681 |    655 |     26 |      0 |    536 |   2 |  340.5 |
       Dungeon |    681 |    655 |     26 |      0 |    536 |   2 |  340.5 |
               +--------+--------+--------+--------+--------+-----+--------+

Top non-repeatable levels by time:
     D:1: 678 daAuts
     D:2: 2 daAuts
